 Dungeon Crawl Stone Soup version 0.30-a0-223-gcb0039aa0c (webtiles) character file.

Game seed: 5358654852505676189

15 qw the Shield-Bearer (level 2, 0/19 HPs)
             Began as a Gargoyle Fighter on Oct 9, 2022.
             Slain by Jessica
             ... wielding a +0 club
              (3 damage)
             ... on level 2 of the Dungeon.
             The game lasted 00:00:15 (526 turns).

qw the Shield-Bearer (Gargoyle Fighter)              Turns: 526, Time: 00:00:15

Health: 0/19       AC:  9    Str: 19    XL:     2   Next: 50%
Magic:  2/2        EV:  9    Int:  8    God:
Gold:   35         SH:  4    Dex:  9    Spells: 1/1 levels left

rFire   . . .      SeeInvis .    Y - +1 war axe
rCold   . . .      Faith    .    c - +0 buckler
rNeg    + . .      Spirit   .    b - +0 scale mail
rPois   inf        Reflect  .    (no helmet)
rElec   +          Harm     .    (no cloak)
rCorr   .          Rampage  .    (no gloves)
Will    .....                    (no boots)
Stlth   ..........               (no amulet)
HPRegen 0.23/turn                (no ring)
MPRegen 0.08/turn                (no ring)

@: slowed, very slow
A: sickness immunity, AC +2, negative energy resistance 1, electricity
resistance, torment resistance 1, petrification resistance
a: no special abilities


You were on level 2 of the Dungeon.
You visited 1 branch of the dungeon, and saw 2 of its levels.

You collected 35 gold pieces.


Innate Abilities, Weirdness & Mutations

You are immune to sickness and miasma.
Your stone body is resilient. (AC +2)
You are immune to poison.
You resist negative energy. (rN+)
You are resistant to electric shocks. (rElec)
You are resistant to unholy torment.
You are immune to petrification.


   Skills:
 - Level 3.2 Fighting
 + Level 2.7 Axes
 - Level 3.2 Armour
 - Level 3.2 Shields


You had one spell level left.
You didn't know any spells.
Your spell library was empty.

Inventory:

Hand Weapons
 f - a +2 whip of electrocution
 Y - a +1 war axe (weapon)
Armour
 b - a +0 scale mail (worn)
 c - a +0 buckler (worn)
Potions
 d - a potion of might
 g - a potion of heal wounds {unknown}
 j - a potion of curing {unknown}
 l - a potion of attraction {unknown}

Dungeon Overview and Level Annotations

Branches:
Dungeon (2/15)

Altars:

Shops:
D:1 *

Annotations:
D:2 Jessica


Message History

Found 8 gold pieces.
There is a stone staircase leading up here.
There are monsters nearby!
Existing waypoints: (2) D:1 Assign waypoint to what number? (0-9, D - delete waypoint) Waypoint 1 assigned to D:2.
Jessica mumbles some strange words.
Jessica seems to speed up.
You closely miss the rat. The rat bites you.
Jessica gestures at you while chanting.
You feel yourself slow down.
You barely miss Jessica. You hit the rat but do no damage.
Jessica points at you and mumbles some strange words.
Pain shoots through your body! The rat closely misses you.
You block Jessica's attack. The rat bites you but does no damage.
Jessica points at you and mumbles some strange words.
Pain shoots through your body!
You closely miss Jessica. You hit the rat.
You kill the rat!
Jessica casts a spell.
Jessica blinks!
Jessica hits you with a +0 club.
You closely miss Jessica. Jessica hits you with a +0 club.
Jessica closely misses you. You block Jessica's attack.
You hit Jessica.
Jessica is moderately wounded.
Jessica gestures wildly.
Jessica casts a spell at you. You resist with some effort.
Jessica barely misses you. Jessica hits you but does no damage.
Jessica barely misses you.
You barely miss Jessica.
Jessica is lightly wounded.
Jessica gestures at you while chanting. Pain shoots through your body!
Jessica mumbles some strange words.
Jessica blinks!
Jessica hits you with a +0 club.
You die...

##+##
##...##
##.....##
##.......##
#.........#
+.........+
#..ยค......#
##..@....##
##.$@..##
##...##
##+##


You could see Jessica (fast).

Vanquished Creatures
  A dart slug (D:1)
  2 endoplasms (D:1)
  A goblin (D:1)
  2 hobgoblins (D:1)
  A ball python (D:1)
  A frilled lizard (D:1)
  2 kobolds (D:1)
  3 rats
13 creatures vanquished.

Notes
Turn   | Place    | Note
-------+----------+-------------------------------------------
     0 | D:1      | qw the Gargoyle Fighter began the quest for the Orb.
     0 | D:1      | Reached XP level 1. HP: 14/14 MP: 1/1
     0 | D:1      | 0 ||| qw: Version: 0.2-a-17-g06abaee
     0 | D:1      | 0 ||| qw: Game counter: 2112
     0 | D:1      | 0 ||| qw: Always use a shield: true
     0 | D:1      | 0 ||| qw: God list: Okawaru
     0 | D:1      | 0 ||| qw: Allow faded altars: false
     0 | D:1      | 0 ||| qw: Do Orc after D:15 true
     0 | D:1      | 0 ||| qw: Do second Lair branch before Depths: true
     0 | D:1      | 0 ||| qw: Lair rune preference: random
     0 | D:1      | 0 ||| qw: Plans: Normal, Zot:1-4, God:TSO, Crypt, Tomb,
                  | Pan, Slime:5, Hells, Abyss, Orb
     0 | D:1      | 0 ||| PLANNING D:1-11
   159 | D:1      | Found Faciff's General Store.
   176 | D:1      | 176 ||| SHOPLISTING +9 plate armour of ponderousness (450
                  | gold, have 12).
   176 | D:1      | 176 ||| SHOPLISTING scroll of teleportation (30 gold, have
                  | 12).
   193 | D:1      | Reached XP level 2. HP: 19/19 MP: 2/2
   287 | D:1      | Found a faded altar of an unknown god.
   494 | D:1      | 494 ||| READING scroll labelled JEPHOZ HIGEJUTT.
   495 | D:1      | 495 ||| READING scroll labelled QUN IP CORCHIFU.
   496 | D:1      | 496 ||| READING scroll labelled QEUL ASUMUHUSKIN.
   497 | D:1      | 497 ||| READING scroll labelled DOMERY DUUNKI.
   498 | D:1      | 498 ||| READING scroll labelled IFIH ANWETEA.
   499 | D:1      | 499 ||| READING scroll labelled CEIZOU GOAD.
   517 | D:2      | Noticed Jessica
   525 | D:2      | HP: 2/19 [Jessica/nerve-wracking pain (6)]
   526 | D:2      | Slain by Jessica

Levels and vault maps discovered:
D:1:      saegor_arrival_simple_c, layout_rooms, serial_shops, shop_fountains,
          dreamdust_ecumenical_altar_hidden_monk_grotto
D:2:      layout_loops_corners, lemuel_flame_loot_1, uniq_jessica

Skill      XL: |  1 |
---------------+----+-----
Axes           | 2 |  2.7
Fighting       | |  3.2
Armour         | |  3.2
Shields        | |  3.2

Action                   || total
-------------------------++-------
Melee: War axe           ||    39
  Use: Scroll            ||     6
Armor: Scale mail        ||    16
Dodge: Dodged            ||    11
Block: Buckler           ||    11

Table legend:
 A = Non-vault XP
 B = Vault XP
 C = Vault XP percentage of total XP
 D = Non-vault monster count
 E = Vault monster count
 F = Vault count percentage of total count
                 A         B        C        D         E       F
            +---------+---------+-------+---------+---------+-------
      Total |      22 |       0 |   0.0 |      13 |       0 |   0.0
            +---------+---------+-------+---------+---------+-------
        D:1 |      21 |       0 |   0.0 |      12 |       0 |   0.0
        D:2 |       1 |       0 |   0.0 |       1 |       0 |   0.0
            +---------+---------+-------+---------+---------+-------
